cohdb
Replays
Latest Replays
All Replays
Popular Replays
Top Player Replays
Match Explorer
How It Works
Community
CoH3 Stats
Reddit
Sign in to upload your games and track your stats! →
Sign in with Steam
Match 44087806
Unlisted
Match 44087806
Overview
Messages
Build Orders
End
Pioneer Squad
Construct Infanterie Kompanie
Selects Mechanized Battlegroup
Grenadier Squad
Grenadier Squad
Grenadier Squad
Infanterie Officer Quarters
Construct Luftwaffe Kompanie
Jäger Squad
Selects Raid Package
Jäger Squad
Luftwaffe Officer Quarters
GrW 34 Mortar Team
Construct Panzer Kompanie
*Mule
Ra11
DangerouslyDumb
Cohlonoscoper
Shark
Thomas Shelby
szwed
Tharrats
0
0
Comments
sign in to comment!
No comments posted yet!